AoeStats
← EsepeEle

Hideout

509498286Analyzed
1v1 RM · 6d ago on Sep 27, 2026· 44m 13s· 2 players
Game mode
Random Map
Map size
Tiny (2 player)
Population
200
Speed
Normal
Resources
Standard
Victory
Conquest
Starting age
Dark Age
Ending age
Imperial Age
RankedLock teamsTeams togetherTeam positionsShared explorationLock speedFull tech treeHidden civsTurbo modeCheats
Victory
Defeat
🇦🇷 Poles · Argentina
687
+12
🇨🇱 Britons · Chile
596
-12
fedepankfede
7:40 Loom
10:23 Feudal Age
11:00 Double-Bit Axe
10:57 Horse Collar
21:01 Castle Age
19:26 Scale Barding Armor
22:25 Heavy Plow
22:50 Bow Saw
23:53 Light Cavalry
24:45 Bloodlines
24:37 Husbandry
27:26 Fletching
28:51 Forging
34:45 Imperial Age
31:43 Elite Skirmisher
33:44 Bodkin Arrow
35:20 Wheelbarrow
35:13 Chain Barding Armor
34:57 Padded Archer Armor
37:15 Winged Hussar
39:25 Conscription
39:25 Leather Archer Armor
40:07 Capped Ram
EsepeEle
3:09 Loom
12:39 Feudal Age
18:45 Castle Age
17:40 Double-Bit Axe
17:47 Stone Mining
17:41 Horse Collar
18:24 Padded Archer Armor
19:49 Fletching
21:46 Wheelbarrow
21:31 Pikeman
23:21 Gold Mining
24:22 Leather Archer Armor
24:18 Crossbowman
27:02 Bodkin Arrow
34:23 Imperial Age
32:13 Bow Saw
32:40 Gold Shaft Mining
33:22 Forging
35:04 Halberdier
38:22 Bracer
38:20 Town Watch
38:52 Hand Cart
42:33 Conscription
44:01 Squires
Connection lost

Rejoining the realm…

Still unreachable

The connection could not be restored.

Session expired

The server has moved on; the page needs a fresh start.